 Dungeon Crawl Stone Soup version 0.31-a0-818-ge7c7cf74f0 (webtiles) character file.

Game seed: 9456878003571853804

112 Kurtz the Chopper (level 4, -1/33 HPs)
             Began as an Octopode Fighter on Sept 23, 2023.
             Slain by a gnoll
             ... wielding a +0 halberd
              (6 damage)
             ... on level 3 of the Dungeon.
             The game lasted 00:01:14 (2478 turns).

Kurtz the Chopper (Octopode Fighter)                Turns: 2478, Time: 00:01:15

Health: -1/33      AC:  1    Str: 17    XL:     4   Next: 95%
Magic:  4/4        EV: 13    Int:  8    God:
Gold:   120        SH:  4    Dex: 11    Spells: 3/3 levels left

rFire   . . .        a - +0 war axe
rCold   . . .        b - +0 buckler
rNeg    . . .        (helmet restricted)
rPois   .            (no amulet)
rElec   .            (no ring)
rCorr   .            (no ring)
SInv    .            (no ring)
Will    .....        (no ring)
Stlth   ++           (no ring)
HPRegen 0.25/turn    (no ring)
MPRegen 0.09/turn    (no ring)
                     (no ring)

%: no passive effects
@: no status effects
A: almost no armour, amphibious, 8 rings, camouflage 1, gelatinous body 1,
(nimble swimmer 1), tentacles, dopey 1
a: no special abilities


You were on level 3 of the Dungeon.
You visited 1 branch of the dungeon, and saw 3 of its levels.

You collected 120 gold pieces.

Inventory:

Hand Weapons
 a - a +0 war axe (weapon)
 k - a +1 whip of freezing
Armour
 b - a +0 buckler (worn)
Scrolls
 d - 3 scrolls of identify {unknown}
 e - a scroll of fear {unknown}
 f - a scroll of teleportation {unknown}
 i - 3 scrolls of amnesia {unknown}
 j - a scroll of poison {unknown}
 l - a scroll of immolation {unknown}
Potions
 c - a potion of might
 g - a potion of enlightenment {unknown}
 h - a potion of brilliance {unknown}
 m - a potion of degeneration {unknown}
 n - a potion of curing {unknown}


   Skills:
 + Level 3.9 Fighting
 * Level 4.2 Axes
 - Level 3.0 Dodging
 - Level 3.0 Shields


You had 3 spell levels left.
You didn't know any spells.
Your spell library contained the following spells:

 Spells                   Type           Power      Damage    Failure   Level
 Blink                    Tloc           0%         N/A       63%         2
 Manifold Assault         Tloc           0%         N/A       99%         4


Dungeon Overview and Level Annotations

Branches:
Dungeon (3/15)

Altars:
Ashenzari


Innate Abilities, Weirdness & Mutations

You cannot wear most types of armour.
You are amphibious.
You can wear up to eight rings at the same time.
Your skin changes colour to match your surroundings (Stealth+).
Your rubbery body absorbs attacks. (AC +1, EV +1)
((You are camouflaged when in or above water. (Stealth+)))
You have tentacles for arms and can constrict up to eight enemies at once.
You are dopey. (Int -2)


Message History

A gnoll comes into view. It is wielding a +0 club.
The gnoll shouts! x2
A gnoll comes into view. It is wielding a +0 halberd.
There are monsters nearby!
The gnoll hits you with a +0 halberd!
There are monsters nearby!
You slash the gnoll! You grab the gnoll. You squeeze the gnoll.
You kill the gnoll!
You see here a +0 halberd.
There are monsters nearby!
Unknown command.
You closely miss the gnoll. You grab the gnoll. You constrict the gnoll.
You block the gnoll's attack.
The gnoll hits you from afar with a +0 halberd.
The gnoll barely misses you. The gnoll hits you with a +0 club.
There are monsters nearby!
You are too injured to fight recklessly!
Unknown command.
You are too injured to fight recklessly!
You hit the gnoll but do no damage.
The gnoll is moderately wounded.
You constrict the gnoll. The gnoll hits you with a +0 club!
* * * LOW HITPOINT WARNING * * *
The gnoll barely misses you.
You slash the gnoll!
The gnoll is almost dead.
You constrict the gnoll.
You kill the gnoll!
The gnoll barely misses you.
Unknown command.
The gnoll attacks as it pursues you! The gnoll misses you.
The gnoll attacks as it pursues you! You block the gnoll's attack.
The gnoll attacks as it pursues you! The gnoll barely misses you.
The gnoll attacks as it pursues you! The gnoll misses you.
The gnoll attacks as it pursues you!
The gnoll hits you from afar with a +0 halberd.
* * * LOW HITPOINT WARNING * * *
There is a stone staircase leading up here.
The gnoll hits you from afar with a +0 halberd.
You die...

#.......# #... ....#
#######.##.###.## #.#.#
........##......## #.#.#
...........#.....####.#.####
.######.......†............# #
..#####.####......###.#..#.# #.
......#.# #....#.# #.#..#.# #..
..##..%.####.#..#.###.#..#.###...
.............<..@.g..........))..
############..........#..#.###...
# ###..#.#####....# #.. # #..#.#
......# #. #..#.. .......# #
#..###.#####.## #..# #.# #.# #..#
# #.# #..


You could see a gnoll.

Vanquished Creatures
  2 gnolls (D:3)
  4 adders (D:2)
  A worm (D:2)
  A dart slug (D:2)
  4 orcs (D:2)
  4 ball pythons
  5 bats
  2 endoplasms
  A giant cockroach (D:2)
  A goblin (D:3)
  5 hobgoblins
  4 kobolds
  5 quokkas
  2 frilled lizards
  7 rats
48 creatures vanquished.

Notes
Turn   | Place    | Note
-------+----------+-------------------------------------------
     0 | D:1      | Kurtz the Octopode Fighter began the quest for the Orb.
     0 | D:1      | Reached XP level 1. HP: 16/16 MP: 1/1
   152 | D:1      | Reached XP level 2. HP: 21/21 MP: 2/2
   805 | D:2      | Found a faded altar of an unknown god.
   856 | D:2      | Reached XP level 3. HP: 15/26 MP: 3/3
  1142 | D:2      | Reached skill level 3 in Axes
  1477 | D:2      | Found a broken altar of Ashenzari.
  1675 | D:2      | Gained mutation: You are dopey. (Int -2) [potion of
                  | mutation]
  1690 | D:2      | Reached XP level 4. HP: 16/33 MP: 4/4
  2423 | D:3      | Reached skill level 4 in Axes
  2478 | D:3      | Slain by a gnoll

Illustrated notes

Levels and vault maps discovered:
D:1:      ebering_trefoil_3fold, layout_basic, minivault_27
D:2:      minmay_evil_eye, layout_loops_ring,
          hellmonk_ecumenical_altar_pennies_from_heaven, basic_altar,
          chequers_serial_rivers_marsh
D:3:      layout_loops_ring, uniq_crazy_yiuf_cottage

Skill      XL: |  1  2  3  4 |
---------------+-------------+-----
Axes           | 3 4 |  4.2
Fighting       | |  3.9
Dodging        | |  3.0
Shields        | |  3.0

Action                     |  1- 3 |  4- 6 || total
---------------------------+-------+-------++-------
  Melee: War axe           |    29 |    23 ||    52
         Constrict         |    12 |     8 ||    20
         Tentacles         |    11 |     5 ||    16
         Whip              |    39 |     6 ||    45
    Use: Potion            |     3 |       ||     3
   Stab: Sleeping          |     4 |       ||     4
 Armour: Skin              |    27 |    14 ||    41
  Dodge: Dodged            |    40 |    25 ||    65
  Block: Buckler           |     8 |     4 ||    12

Table legend: (Time is in decaauts)
 A = Elapsed time spent in this place.
 B = Non-inter-level travel time spent in this place.
 C = Inter-level travel time spent in this place.
 D = Time resting spent in this place.
 E = Time spent auto-exploring this place.
 F = Levels seen in this place.
 G = Mean time per level.
                   A        B        C        D        E       F      G
               +--------+--------+--------+--------+--------+-----+--------+
         Total |   2478 |   2406 |     72 |    585 |   1503 |   3 |  826.0 |
       Dungeon |   2478 |   2406 |     72 |    585 |   1503 |   3 |  826.0 |
               +--------+--------+--------+--------+--------+-----+--------+

Top non-repeatable levels by time:
     D:2: 1562 daAuts
     D:1: 802 daAuts
     D:3: 113 daAuts
